 Dungeon Crawl Stone Soup version 0.21.1-1-g345015fe64 (webtiles) character file.

15514 Kalelzar the Cleaver (level 12, -10/172 HPs)
             Began as a Minotaur Berserker on July 27, 2018.
             Was a High Priest of Trog.
             Mangled by a stone giant (37 damage)
             ... on level 1 of the Orcish Mines.
             The game lasted 01:00:33 (16087 turns).

Kalelzar the Cleaver (Minotaur Berserker)          Turns: 16087, Time: 01:00:34

Health: -10/172    AC: 16    Str: 31    XL:     12   Next: 1%
Magic:  3/3        EV:  6    Int:  4    God:    Trog [*****.]
Gold:   1039       SH: 19    Dex: 11    Spells: 11/11 levels left

rFire    . . .     SeeInvis .   E - +2 broad axe (antimagic)
rCold    . . .     Gourm    .   v - +0 large shield
rNeg     . . .     Faith    .   H - +0 plate armour
rPois    +         Spirit   .   q - +0 hat
rElec    .         Reflect  .   (no cloak)
rCorr    .         Harm     .   (no gloves)
MR       .....                  F - +0 pair of boots
Stlth    ..........             (no amulet)
HPRegen  0.38/turn              n - ring of poison resistance
MPRegen  0.08/turn              u - ring of flight

@: berserking (expiring), very quick
A: retaliatory headbutt, horns 2
a: Berserk, Trog's Hand, Brothers in Arms, Burn Spellbooks, Renounce Religion,
Evoke Flight


You were on level 1 of the Orcish Mines.
You worshipped Trog.
Trog was extremely pleased with you.
You were not hungry.

You visited 3 branches of the dungeon, and saw 12 of its levels.
You also visited: Sewer.

You collected 1039 gold pieces.

Inventory:

Hand Weapons
 b - a +4 hand axe of freezing
 E - a +2 antimagic broad axe (weapon)
Missiles
 a - 16 tomahawks (quivered)
Armour
 q - a +0 hat (worn)
 v - a +0 large shield (worn)
 F - a +0 pair of boots (worn)
 H - a +0 plate armour (worn)
Jewellery
 n - a ring of poison resistance (left hand)
 u - a ring of flight (right hand)
Wands
 d - a wand of flame (48)
 g - a wand of polymorph (25)
 w - a wand of enslavement (11)
Scrolls
 h - 9 scrolls of remove curse
 t - 2 scrolls of immolation
 x - a scroll of amnesia {unknown}
 y - a scroll of magic mapping {unknown}
 A - a scroll of teleportation {unknown}
 B - 2 scrolls of noise {unknown}
 C - a scroll of blinking {unknown}
Potions
 c - a potion of invisibility {unknown}
 e - 3 potions of lignification
 f - a potion of agility {unknown}
 i - 4 potions of brilliance
 k - 2 potions of degeneration
 l - a potion of berserk rage
 m - a potion of mutation {unknown}
 o - 2 potions of flight
 p - 4 potions of magic
 r - 2 potions of might
 s - a potion of heal wounds {unknown}
Books
 D - a book of Maledictions

   Spells                             Type                      Level
   a - Corona                         Hexes                        1
   b - Ensorcelled Hibernation        Hexes/Ice                    2
   c - Confuse                        Hexes                        3
   d - Tukima's Dance                 Hexes                        3
   e - Dazzling Spray                 Conjuration/Hexes            3
   Trog disapproves of the use of such an item.
Comestibles
 z - 6 rations


   Skills:
 * Level 13.0 Fighting
 + Level 13.1 Axes
 + Level 11.2 Armour
 - Level 2.1 Dodging
 - Level 0.3 Stealth
 + Level 9.3 Shields
 + Level 1.9 Unarmed Combat
 + Level 0.8 Evocations


You had 11 spell levels left.
You didn't know any spells.

Dungeon Overview and Level Annotations

Branches:
Dungeon (9/15)             Temple (1/1) D:7            Lair (0/6) D:9
    Orc (2/2) D:9             Elf (0/3) Orc:2

Altars:
Ashenzari
Cheibriados
Dithmenos
Elyvilon
Fedhas
Gozag
Hepliaklqana
Kikubaaqudgha
Makhleb
Nemelex Xobeh
Okawaru
Qazlal
Ru
Sif Muna
Trog
Uskayaw
Vehumet
Wu Jian
Xom
Yredelemnul
Zin
The Shining One

Annotations:
D:7 1 runed door


Innate Abilities, Weirdness & Mutations

You reflexively headbutt those who attack you in melee.
You have a pair of horns on your head.


Message History

You slice the troll!! Your headbutt misses the troll.
The troll is almost dead.
You hit the stone giant but do no damage.
You block the stone giant's attack.
You slash the troll!
You kill the troll!
Trog accepts your kill.
You slash the stone giant!
The stone giant hits you but does no damage.
Items here: ))))) [[[[[[[ You feel a strong urge to attack something.
The stone giant hits you!
* * * LOW HITPOINT WARNING * * *
You slash the stone giant! You headbutt the stone giant!
The stone giant is moderately wounded.
You block the stone giant's attack.
You slash the stone giant!
The stone giant is heavily wounded.
The stone giant hits you!!!
You die...

### ##.## #...#
#...###
####.....#
#....#...###
#.@..#...#.#
#)C####...##
#>)[.##....#
###......#######
##...#[# #..##
#....######...##
##.#####.#.....##
##.####.........#
#...##.....#...##


You could see a stone giant.

Vanquished Creatures
  Gastronok (D:8)
  A two-headed ogre (D:8)
  An orc high priest (Orc:1)
  Pikel (D:4)
  2 orc knights (Orc:1)
  2 orc sorcerers (Orc:1)
  The ghost of Chudej the Conjurer, a novice OpCj of Sif Muna (D:5)
  Maurice (D:8)
  4 trolls (Orc:1)
  2 hippogriffs (D:7)
  Sigmund (D:3)
  The ghost of Arth the Chopper, an amateur HOBe of Trog (D:7)
  The ghost of Torako the Slasher, an amateur MiFi of Okawaru (D:3)
  Eustachio (D:4)
  Grum (D:8)
  2 wargs (Orc:1)
  Edmund (D:6)
  2 porcupines (D:9)
  2 necrophages
  14 orc warriors
  4 slaves (D:4)
  An ice beast (D:5)
  2 phantoms
  3 black bears
  2 wolves (D:8)
  7 ogres
  5 centaurs
  A crocodile (D:9)
  A big kobold (D:9)
  Blork the orc (D:6)
  8 bullfrogs
  6 scorpions
  19 killer bees
  13 wights
  A vampire bat (D:4)
  5 howler monkeys (D:8)
  2 crimson imps
  3 hounds
  A quasit (D:6)
  A jelly (D:9)
  5 orc priests
  Natasha (D:4)
  4 iguanas
  6 orc wizards
  6 worker ants
  14 adders
  7 gnolls
  5 shadow imps
  2 oozes (D:3)
  2 adder zombies
  An adder skeleton (D:4)
  8 worms
  5 dart slugs
  8 leopard geckos
  41 orcs
  2 spectral bats (D:4)
  A bat simulacrum (D:4)
  3 bat skeletons (D:4)
  A bat zombie (D:4)
  3 fire bats (D:4)
  8 giant cockroaches
  5 goblins
  7 hobgoblins
  14 jackals
  12 kobolds
  6 quokkas
  2 ball pythons
  18 bats
  5 frilled lizards
  A jackal skeleton (D:8)
  12 rats
  A spectral orc (D:5)
  10 fungi
  41 plants
395 creatures vanquished.

Vanquished Creatures (collateral kills)
  An orc sorcerer (Orc:1)
  5 orc warriors
  An orc priest (D:9)
  3 orc wizards
  6 orcs
16 creatures vanquished.

Vanquished Creatures (others)
  An orc (Orc:1)
  A bat (D:1)
  6 plants
8 creatures vanquished.

Grand Total: 419 creatures vanquished

Notes
Turn   | Place    | Note
-------+----------+-------------------------------------------
     0 | D:1      | Kalelzar the Minotaur Berserker began the quest for the Orb.
     0 | D:1      | Reached XP level 1. HP: 19/19 MP: 0/0
   149 | D:1      | Reached XP level 2. HP: 27/27 MP: 1/1
   977 | D:2      | Reached XP level 3. HP: 34/34 MP: 2/2
  1148 | D:2      | Found an opulent altar of Gozag.
  1152 | D:2      | Reached ** piety under Trog
  1204 | D:2      | Reached skill level 5 in Fighting
  1574 | D:2      | Reached XP level 4. HP: 42/42 MP: 3/3
  2398 | D:3      | Noticed Torako's ghost (amateur MiFi)
  2422 | D:3      | Killed Torako's ghost
  2422 | D:3      | Reached skill level 5 in Axes
  2422 | D:3      | Reached XP level 5. HP: 25/49 MP: 4/4
  2457 | D:3      | Noticed Sigmund
  2485 | D:3      | Killed Sigmund
  2485 | D:3      | Reached XP level 6. HP: 16/57 MP: 5/5
  2883 | D:3      | Reached *** piety under Trog
  3097 | D:3      | Found a glowing drain.
  3105 | D:3      | Reached skill level 5 in Armour
  3112 | Sewer    | Entered a sewer
  5199 | D:4      | Reached XP level 7. HP: 40/63 MP: 6/6
  5248 | D:4      | Noticed Eustachio
  5262 | D:4      | Killed Eustachio
  5484 | D:4      | Reached **** piety under Trog
  5707 | D:4      | Noticed Natasha
  5725 | D:4      | Killed Natasha
  5900 | D:4      | Noticed Pikel
  5923 | D:4      | Killed Pikel
  5923 | D:4      | Reached XP level 8. HP: 74/74 MP: 7/7
  6313 | D:5      | Entered Level 5 of the Dungeon
  7989 | D:5      | Noticed Chudej's ghost (novice OpCj)
  8013 | D:5      | Killed Chudej's ghost
  8013 | D:5      | Reached XP level 9. HP: 67/82 MP: 8/8
  8304 | D:5      | Found a basalt altar of Yredelemnul.
  8418 | D:6      | Reached skill level 1 in Unarmed Combat
  8591 | D:6      | Reached skill level 10 in Axes
  8678 | D:6      | Noticed Blork the orc
  8695 | D:6      | Killed Blork the orc
  8699 | D:6      | Noticed Edmund
  8717 | D:6      | Killed Edmund
  9106 | D:6      | Found a sacrificial altar of Ru.
  9480 | D:7      | Reached skill level 10 in Fighting
  9602 | D:7      | Found a glowing golden altar of the Shining One.
  9603 | D:7      | Noticed an angel
  9603 | D:7      | Found a runed door.
  9680 | D:7      | Reached ***** piety under Trog
  9830 | D:7      | Reached skill level 1 in Shields
 10041 | D:7      | Found a staircase to the Ecumenical Temple.
 10049 | Temple   | Entered the Ecumenical Temple
 10444 | D:7      | Reached XP level 10. HP: 94/94 MP: 9/9
 10464 | D:7      | Noticed Arth's ghost (amateur HOBe)
 10481 | D:7      | Killed Arth's ghost
 10487 | D:7      | Found a snail-covered altar of Cheibriados.
 11128 | D:8      | Noticed Maurice
 11191 | D:8      | Killed Maurice
 11597 | D:8      | Noticed Grum
 11600 | D:8      | Reached skill level 10 in Armour
 11608 | D:8      | Reached skill level 5 in Shields
 11617 | D:8      | Killed Grum
 11895 | D:8      | Received a gift from Trog
 11942 | D:8      | You fall through a shaft!
 12137 | D:8      | Noticed a two-headed ogre
 12146 | D:8      | Killed a two-headed ogre
 12435 | D:8      | Noticed Gastronok
 12451 | D:8      | Killed Gastronok
 12451 | D:8      | Reached XP level 11. HP: 103/103 MP: 10/10
 13624 | D:9      | Found a staircase to the Lair.
 13706 | D:9      | Found a staircase to the Orcish Mines.
 13763 | Orc:1    | Entered Level 1 of the Orcish Mines
 14163 | Orc:1    | Noticed an orc high priest
 14170 | Orc:1    | Noticed an orc sorcerer
 14175 | Orc:1    | Killed an orc high priest
 14182 | Orc:1    | Killed an orc sorcerer
 14544 | Orc:1    | Noticed an orc sorcerer
 14545 | Orc:1    | Noticed an orc knight
 14566 | Orc:1    | Killed an orc sorcerer
 14579 | Orc:1    | Killed an orc knight
 14892 | Orc:1    | Noticed an orc sorcerer
 14899 | Orc:1    | Killed an orc sorcerer
 14928 | Orc:2    | Entered Level 2 of the Orcish Mines
 14928 | Orc:2    | Found a staircase to the Elven Halls.
 14936 | Orc:2    | Noticed an orc sorcerer
 14940 | Orc:2    | Noticed a stone giant
 14940 | Orc:2    | Noticed an orc knight
 15060 | Orc:1    | Killed an orc knight
 15400 | Orc:1    | Received a gift from Trog
 15403 | Orc:1    | Reached XP level 12. HP: 115/115 MP: 11/11
 16087 | Orc:1    | Mangled by a stone giant

Skill      XL: |  1  2  3  4  5  6  7  8  9 10 11 |
---------------+----------------------------------+-----
Fighting       | 4 5 6 7 8 10 11 13 | 13.0
Axes           | 4 5 6 8 9 10 12 13 | 13.1
Armour         | 4 5 7 8 9 10 11 | 11.2
Unarmed Combat | 1 |  1.9
Shields        | 2 7 9 |  9.3
Dodging        | |  2.1
Stealth        | |  0.3
Evocations     | |  0.8

Action                   |  1- 3 |  4- 6 |  7- 9 | 10-12 || total
-------------------------+-------+-------+-------+-------++-------
Melee: Hand axe          |    68 |   727 |   317 |   561 ||  1673
       Headbutt          |    14 |   226 |    78 |   142 ||   460
       Unarmed           |       |       |    11 |     4 ||    15
       Punch             |       |       |     1 |       ||     1
       Broad axe         |       |       |       |    12 ||    12
Throw: Tomahawk          |       |       |     1 |     1 ||     2
Invok: Berserk           |       |     1 |     5 |     5 ||    11
       Trog's Hand       |       |     1 |     2 |     2 ||     5
       Burn Spellbooks   |       |       |     1 |       ||     1
       Brothers in Arms  |       |       |       |     3 ||     3
 Abil: Evoke Flight      |       |       |       |     1 ||     1
  Use: Scroll            |       |       |     8 |     4 ||    12
       Potion            |       |       |     1 |     2 ||     3
  Eat: Ration            |     1 |     3 |     3 |     7 ||    14
       Chunk             |       |     3 |    12 |     1 ||    16
Armor: Ring mail         |    15 |       |       |       ||    15
       Chain mail        |    27 |    97 |   225 |   147 ||   496
       Skin              |       |       |     4 |       ||     4
       Plate armour      |       |       |       |     7 ||     7
Dodge: Dodged            |    45 |   105 |   131 |    73 ||   354
Block: Large shield      |       |       |    67 |   462 ||   529
